AoeStats
← ...CGR...

Arena

507573198Analyzed
2v2 RM · 13d ago on Sep 18, 2026· 66m 47s· 4 players
Game mode
Random Map
Map size
Medium (4 player)
Population
200
Speed
Normal
Resources
Standard
Victory
Conquest
Starting age
Dark Age
Ending age
Imperial Age
RankedLock teamsTeams togetherTeam positionsShared explorationLock speedFull tech treeHidden civsTurbo modeCheats
Victory
Defeat
🇳🇱 Portuguese · Netherlands
922
+10
🇹🇷 Khmer · Türkiye
714
+18
🇬🇧 Saracens · United Kingdom
775
-14
🇬🇧 Ethiopians · United Kingdom
765
-14
Mixxx93
9:24 Loom
11:11 Feudal Age
13:18 Double-Bit Axe
14:37 Fletching
18:40 Castle Age
18:59 Crossbowman
19:46 Thumb Ring
22:05 Bodkin Arrow
24:15 Horse Collar
24:50 Bow Saw
27:09 Heavy Plow
28:23 Wheelbarrow
28:58 Padded Archer Armor
29:25 Fervor
33:20 Imperial Age
31:08 Stone Mining
31:09 Gold Mining
33:42 Caravan
35:07 Hand Cart
34:56 Bracer
35:12 Leather Archer Armor
35:31 Conscription
38:01 Arbalester
39:26 Torsion Engines
40:00 Sanctity
40:09 Illumination
40:09 Ballistics
40:00 Fortified Wall
40:51 Chemistry
39:59 Siege Engineers
40:07 Masonry
41:02 Chemistry
41:40 Gold Shaft Mining
41:42 Stone Shaft Mining
44:29 Onager
46:12 Architecture
45:54 Fortified Wall
46:16 Architecture
46:03 Siege Onager
50:21 Scale Barding Armor
50:27 Forging
52:21 Light Cavalry
53:03 Husbandry
53:47 Hussar
55:40 Theocracy
55:27 Heresy
56:35 Chain Barding Armor
56:51 Iron Casting
idishido
11:57 Feudal Age
14:40 Double-Bit Axe
22:36 Castle Age
24:24 Fletching
24:51 Horse Collar
30:19 Bloodlines
31:25 Loom
34:46 Scale Barding Armor
34:52 Forging
34:46 Husbandry
42:18 Imperial Age
44:11 Onager
45:25 Crossbowman
46:11 Thumb Ring
47:54 Bodkin Arrow
48:00 Padded Archer Armor
47:24 Arbalester
48:28 Ballistics
49:09 Chemistry
Mortingen Şıtrayze
11:13 Feudal Age
11:46 Double-Bit Axe
12:07 Loom
16:59 Castle Age
16:17 Stone Mining
16:09 Horse Collar
22:43 Gambesons
26:07 Pikeman
27:44 Wheelbarrow
31:42 Fletching
31:50 Murder Holes
32:19 Bodkin Arrow
32:28 Padded Archer Armor
32:42 Masonry
32:39 Heavy Plow
32:52 Bow Saw
33:27 Stone Shaft Mining
37:03 Imperial Age
39:04 Chemistry
38:36 Architecture
38:41 Gold Mining
39:10 Hand Cart
40:00 Two-Man Saw
39:39 Caravan
41:33 Siege Engineers
42:15 Crop Rotation
42:05 Leather Archer Armor
42:04 Forging
41:55 Scale Mail Armor
42:49 Halberdier
46:51 Elite Organ Gun
49:39 Ring Archer Armor
49:24 Chain Mail Armor
49:45 Iron Casting
50:17 Arquebus
50:37 Conscription
52:43 Plate Mail Armor
53:13 Blast Furnace
57:03 Bracer
57:08 Scale Barding Armor
56:52 Arson
60:36 Thumb Ring
59:51 Elite Skirmisher
59:53 Man-at-Arms
60:57 Chain Barding Armor
60:48 Sappers
60:45 Onager
62:02 Plate Barding Armor
61:47 Bloodlines
61:37 Husbandry
60:58 Cavalier
64:13 Town Watch
64:31 Devotion
64:46 Fortified Wall
64:56 Ballistics
...CGR...
10:55 Feudal Age
11:19 Horse Collar
17:22 Castle Age
16:24 Double-Bit Axe
18:30 Bow Saw
20:55 Wheelbarrow
25:51 Heavy Plow
25:19 Elite Skirmisher
27:10 Gold Mining
31:25 Imperial Age
28:43 Loom
29:50 Fortified Wall
31:15 Hand Cart
32:02 Town Watch
32:50 Crop Rotation
32:29 Padded Archer Armor
34:38 Forging
34:45 Double Crossbow
35:59 Caravan
35:27 Heavy Scorpion
36:03 Capped Ram
37:53 Cavalier
38:34 Husbandry
38:50 Siege Ram
40:40 Chemistry
39:54 Bloodlines
39:05 Light Cavalry
40:06 Tusk Swords
40:27 Conscription
41:34 Onager
44:08 Elite Battle Elephant
45:05 Elite Ballista Elephant
48:51 Hoardings
49:22 Sappers
51:49 Scale Mail Armor
52:24 Iron Casting
52:05 Leather Archer Armor
51:40 Fletching
51:55 Scale Barding Armor
56:23 Coinage
61:30 Pikeman
61:56 Arson
62:15 Halberdier
Connection lost

Rejoining the realm…

Still unreachable

The connection could not be restored.

Session expired

The server has moved on; the page needs a fresh start.